Description

6:09 ~ 8 stalkers +2 oracles pushing from base. Blink 80%~ blink finishing @ 6:34

Build Order

Get SALT Encoding   

  14  0:19  Pylon  With probe rallied from nexus
  16  0:39  Gateway  
  17  0:50  Assimilator  
  20  1:25  Nexus  
  20  1:36  Cybernetics Core  
  21  1:45  Assimilator  
  22  1:54  Pylon  
  23  2:13  Adept (Chrono Boost)  
  26  2:18  Stargate  
  27  2:28  Warp Gate  
  27  2:32  Adept (Chrono Boost)  
  33  2:53  Adept  
  37  3:05  Oracle (Chrono Boost)  
  40  3:20  Gateway  
  42  3:31  Oracle (Chrono Boost)  
  48  3:50  Nexus  
  49  4:01  Assimilator x2  
  51  4:17  Forge, Twilight Council  
  59  4:44  Gateway x4  As minerals allow
  62  5:03  Blink (Chrono Boost)  
  62  5:05  Protoss Ground Weapons Level 1 (Chrono Boost)  
  85  6:16  Gateway  7th gate
  98  6:43  Charge  
  110  7:12  Templar Archives  
  124  7:20  Nexus  
Spawning Tool Build Advisor. Get it on Overwolf

Analysis

7:27 me 66 probes | 6 zealots | 8 stalkers | 2 oracles | sentries

4 asses | 10 pylons | 1 twilight | 1 forge | 3 nexus | 7 gates

+1 weaps 80% | Blink just finished

7:27 max 62 probes | 6 zealots | 19 stalkers | 2 oracles

4 asses | 10 pylons | 1 twilight | 1 forge | 3 nexus | 7 gates

Templar arch 20% |+2 weaps 10% | Blink finished at like 6:30 | Charge 55%

Go to:

Details

  • Created by: TeknoHamster2
  • Published on: Apr 25, 2025
  • Modified on: Jun 23, 2025
  • Patch: 5.0.11
  • Difficulty: Medium
Show
View Real Time Build Order
Export as new Build Order

Comments (0)

There are no comments. Be the first!

Create an account to comment!